 Dungeon Crawl Stone Soup version 0.30-a0-800-g7c544603b3 (webtiles) character file.

Game seed: 711546795139839068

4 NinjaNoafa the Caller (level 1, 0/7 HPs)
             Began as a Felid Summoner on Feb 22, 2023.
             Slain by a quokka (5 damage)
             ... on level 1 of the Dungeon.
             The game lasted 00:00:36 (123 turns).

NinjaNoafa the Caller (Felid Summoner)               Turns: 123, Time: 00:00:37

Health: 0/7        AC:  1    Str:  4    XL:     1   Next: 50%
Magic:  3/4        EV: 17    Int: 16    God:
Gold:   28         SH:  0    Dex: 16    Spells: 3/4 levels left
                                        Lives:  0   Deaths: 0

rFire   . . .      SeeInvis +    (weapon unavailable)
rCold   . . .      Faith    .    (shield unavailable)
rNeg    . . .      Spirit   .    (body armour unavailable)
rPois   .          Reflect  .    (helmet unavailable)
rElec   .          Harm     .    (cloak unavailable)
rCorr   .          Rampage  .    (gloves unavailable)
Will    .....                    (boots unavailable)
Stlth   ++                       (no amulet)
HPRegen 0.21/turn                (no ring)
MPRegen 0.09/turn                (no ring)

@: quick
A: very small, claws 1, fangs 3, see invisible, speed 1, shaggy fur 1, stealthy
paws, no weapons or thrown items, no armour, multi-lived
a: no special abilities


You were on level 1 of the Dungeon.
You visited 1 branch of the dungeon, and saw 1 of its levels.

You collected 28 gold pieces.

Inventory:

Potions
 a - a potion of magic


   Skills:
 - Level 2.6 Dodging
 - Level 2.6 Stealth
 + Level 2.1 Spellcasting
 + Level 4.1 Summonings


You had 3 spell levels left.
You knew the following spells:

 Your Spells              Type           Power      Damage    Failure   Level
a - Summon Small Mammal   Summ           56%        N/A       3%          1

Your spell library contained the following spells:

 Spells                   Type           Power      Damage    Failure   Level
 Call Imp                 Summ           14%        N/A       6%          2
 Call Canine Familiar     Summ           14%        N/A       12%         3
 Summon Guardian Golem    Hex/Summ       8%         N/A       26%         3
 Summon Lightning Spire   Summ/Air       8%         N/A       65%         4


Dungeon Overview and Level Annotations

Branches:
Dungeon (1/15)

Altars:


Innate Abilities, Weirdness & Mutations

You have sharp claws.
You have razor-sharp teeth.
You have supernaturally acute eyesight. (SInv)
You cover ground quickly. (Speed+)
You are covered in fur. (AC +1)
Your paws help you pounce on unaware monsters.
You are incapable of wielding weapons or throwing items.
You cannot wear armour.
You gain extra lives every three experience levels.


Message History

Your bat closely misses the frilled lizard.
The frilled lizard bites your bat but does no damage.
Your bat hits the frilled lizard.
The frilled lizard dies!
You swap places.
Found 9 gold pieces.
A bat comes into view.
A quokka and a bat come into view.
Found a glowing scarf.
Unknown command.
You swap places.
Your bat hits the bat. The bat closely misses your bat.
Your bat hits the bat but does no damage.
The bat barely misses your quokka. The bat completely misses your quokka.
Your bat closely misses the bat.
The bat closely misses your quokka.
Your quokka barely misses the bat.
Your bat barely misses the bat.
Your quokka barely misses the bat.
The bat misses your quokka.
The bat completely misses something.
The bat misses your quokka.
Your quokka barely misses the bat.
The bat barely misses your quokka.
Your bat closely misses the bat.
The bat hits your bat but does no damage.
Your bat misses the bat. Your bat misses the bat.
The bat closely misses your bat. The quokka closely misses you.
Your quokka bites the quokka but does no damage.
Your bat hits the bat. The bat barely misses your quokka.
The bat hits your bat. The quokka misses you.
Your bat hits the bat but does no damage.
Your quokka bites the quokka but does no damage.
The bat closely misses your quokka.
Your bat barely misses the bat.
The bat hits your quokka. The bat closely misses your bat.
The bat barely misses your quokka.
Your bat hits the quokka but does no damage.
Your quokka misses the bat. Your bat hits the bat.
The bat dies!
The quokka bites you. The quokka bites you.
Ouch! That really hurt!
You die...

#...## #.....#
...... #####.#
...... #.#
.###. #.# ...#
#.# ...# #.#
...... .######
#.# ......
.......##.###
......
#.......@..####
...#..
#[###..rr$†b..#
..>#..
#.##.#.##.#
[### #. #.#.# #
#. .b...
###......
#..#.#.#
#..#.#.#
..#.#.#


You could see a quokka (ally target), a bat, a friendly quokka (summoned) and a
friendly bat (summoned).

Vanquished Creatures (collateral kills)
  A hobgoblin (D:1)
  A quokka (D:1)
  A bat (D:1)
  A frilled lizard (D:1)
4 creatures vanquished.

Notes
Turn   | Place    | Note
-------+----------+-------------------------------------------
     0 | D:1      | NinjaNoafa the Felid Summoner began the quest for the Orb.
     0 | D:1      | Reached XP level 1. HP: 7/7 MP: 4/4
   123 | D:1      | Slain by a quokka

Illustrated notes

Levels and vault maps discovered:
D:1:      minmay_arrival_open_corners, layout_loops_ring

Action                     || total
---------------------------++-------
   Cast: Summon Small Mamm ||     8
  Dodge: Dodged            ||     3

Table legend: (Time is in decaauts)
 A = Elapsed time spent in this place.
 B = Non-inter-level travel time spent in this place.
 C = Inter-level travel time spent in this place.
 D = Time resting spent in this place.
 E = Time spent auto-exploring this place.
 F = Levels seen in this place.
 G = Mean time per level.
                   A        B        C        D        E       F      G
               +--------+--------+--------+--------+--------+-----+--------+
         Total |    105 |    105 |      0 |      0 |     13 |   1 |  105.0 |
       Dungeon |    105 |    105 |      0 |      0 |     13 |   1 |  105.0 |
               +--------+--------+--------+--------+--------+-----+--------+

Top non-repeatable levels by time:
     D:1: 105 daAuts
